 Dungeon Crawl Stone Soup version 0.32-a0-893-gf85d74f360 (webtiles) character file.

Game seed: 4689226561490174158

753 Biggs the Skirmisher (level 7, -1/50 HPs)
             Began as a Coglin Hunter on Apr 4, 2024.
             Slain by a lemure (6 damage)
             ... led by Pikel
             ... on level 4 of the Dungeon.
             The game lasted 00:05:29 (3915 turns).

Biggs the Skirmisher (Coglin Hunter)                Turns: 3915, Time: 00:05:29

Health: -1/50      AC:  4    Str: 11    XL:     7   Next: 78%
Magic:  7/7        EV: 11    Int:  8    God:
Gold:   188        SH:  0    Dex: 20    Spells: 6/6 levels left

rFire   . . .        a - +2 sling {Audrea}
rCold   . . .        d - +0 sling {Qiang}
rNeg    . . .        c - +0 leather armour
rPois   .            j - +0 helmet
rElec   .            (no cloak)
rCorr   .            (no gloves)
SInv    .            (no boots)
Will    .....        (amulet unavailable)
Stlth   ++           (ring unavailable)
HPRegen 0.28/turn    (ring unavailable)
MPRegen 0.10/turn    (no gizmo)

%: no passive effects
@: revved
A: off-hand wielding, slow wielding, warmup strikes, no jewellery
a: Invent Gizmo


You were on level 4 of the Dungeon.
You visited 1 branch of the dungeon, and saw 5 of its levels.

You collected 188 gold pieces.

Inventory:

Hand Weapons
 a - a +2 sling (weapon) {Audrea}
 d - a +0 sling (offhand) {Qiang}
Missiles
 o - a throwing net
Armour
 c - a +0 leather armour (worn)
 j - a +0 helmet (worn)
Scrolls
 b - a scroll of butterflies
 e - 4 scrolls of identify {unknown}
 f - 2 scrolls of immolation {unknown}
 g - 3 scrolls of teleportation {unknown}
 h - 3 scrolls of vulnerability {unknown}
 i - 3 scrolls of enchant armour {unknown}
 k - a scroll of blinking {unknown}
 l - 3 scrolls of fog {unknown}
 q - a scroll of fear {unknown}
 t - a scroll of brand weapon {unknown}
 u - 2 scrolls of enchant weapon {unknown}
Potions
 m - a potion of curing {unknown}
 n - a potion of haste {unknown}
 p - a potion of degeneration {unknown}
 r - a potion of heal wounds {unknown}
 s - a potion of enlightenment {unknown}


   Skills:
 - Level 2.0 Fighting
 + Level 8.5 Ranged Weapons
 - Level 1.7 Dodging
 - Level 0.7 Stealth


You had 6 spell levels left.
You didn't know any spells.
Your spell library contained the following spells:

 Spells                   Type           Power      Damage    Failure   Level
 Lesser Beckoning         Tloc           0%         N/A       65%         2
 Dazzling Flash           Conj/Hex       0%         N/A       86%         3
 Inner Flame              Hex/Fire       0%         N/A       86%         3
 Maxwell's Portable Pile  Tloc           0%         2d(5-13)  86%         3
 Mephitic Cloud           Conj/Alch/Air  0%         N/A       86%         3
 Teleport Other           Tloc           0%         N/A       86%         3
 Tukima's Dance           Hex            0%         N/A       86%         3
 Flame Wave               Conj/Fire      0%         2d4       99%         4
 Passage of Golubria      Tloc           0%         N/A       99%         4
 Sticky Flame             Fire/Alch      0%         2d4       99%         4
 Curse of Agony           Necr           0%         N/A       100%        5
 Silence                  Hex/Air        0%         N/A       100%        5
 Yara's Violent Unravell  Hex/Alch       0%         3d3       100%        5


Dungeon Overview and Level Annotations

Branches:
Dungeon (5/15)
 Temple: D:4-7

Altars:
Ashenzari

Annotations:
D:5 Pikel


Innate Abilities, Weirdness & Mutations

You can wield a second weapon in your off-hand.
It takes a long time for you to wield or remove held weapons.
Your first few attacks do less damage.
You cannot equip rings or amulets.


Message History

You shoot a sling bullet. The sling bullet hits the lemure.
The lemure is moderately wounded.
You shoot a sling bullet.
The sling bullet hits the lemure but does no damage.
The lemure is moderately wounded.
The lemure hits you.
* * * LOW HITPOINT WARNING * * *
Unknown command.
Fire: a) +2 sling {Audrea}
Press: ? - help, Q - select action, (/) - cycle Shift-Dir - straight line, f/p - lemure
Aim: a lemure (moderately wounded, 61% to hit)
You shoot a sling bullet. The sling bullet hits the lemure.
The lemure is heavily wounded.
You shoot a sling bullet. The sling bullet hits the lemure.
The lemure is severely wounded.
The lemure hits you.
* * * LOW HITPOINT WARNING * * *
Unknown command.
Fire: a) +2 sling {Audrea}
Press: ? - help, Q - select action, (/) - cycle Shift-Dir - straight line, f/p - lemure
Aim: a lemure (severely wounded, 61% to hit)
You shoot a sling bullet.
The sling bullet closely misses the lemure.
You shoot a sling bullet.
The sling bullet hits the lemure but does no damage.
The lemure is severely wounded.
The lemure hits you.
* * * LOW HITPOINT WARNING * * *
Unknown command.
Fire: a) +2 sling {Audrea}
Press: ? - help, Q - select action, (/) - cycle Shift-Dir - straight line, f/p - lemure
Aim: a lemure (severely wounded, 61% to hit)
You shoot a sling bullet.
The sling bullet hits the lemure but does no damage.
The lemure is severely wounded.
You shoot a sling bullet. The sling bullet hits the lemure.
The lemure is almost dead.
The lemure hits you.
You die...

............# #........#....###
............# #........#....###
............# #........#.....#.
............# #........#.....'.
............# #........#.....#.
............# #........#+######
#'#.........#######'##...........
..#.........#..[.5...#...........
..#.........#...@....#...........
..#.........#..†.....#...........
..#.........#........#...........
..#.........#........'...........
..#.........##########.÷......)..
#####.....................#'#####
....#.....................#......
....#.....................#......
....+.....................#......


You could see a lemure.

Vanquished Creatures
  A black bear (D:4)
  A phantom (D:5)
  Blork the orc (D:5)
  A scorpion (D:5)
  A howler monkey (D:5)
  A hound (D:4)
  2 orc priests (D:3)
  3 iguanas
  Terence (D:1)
  An orc wizard (D:4)
  3 gnolls (D:3)
  9 adders
  2 ufetubi (D:3)
  3 dart slugs
  7 orcs
  5 bats
  3 endoplasms
  4 giant cockroaches
  3 goblins
  12 hobgoblins
  3 quokkas
  7 ball pythons
  2 frilled lizards (D:1)
  9 kobolds
  4 rats
89 creatures vanquished.

Notes
Turn   | Place    | Note
-------+----------+-------------------------------------------
     0 | D:1      | Biggs the Coglin Hunter began the quest for the Orb.
     0 | D:1      | Reached XP level 1. HP: 16/16 MP: 1/1
    61 | D:1      | Reached skill level 4 in Ranged Weapons
    61 | D:1      | Reached XP level 2. HP: 22/22 MP: 2/2
   682 | D:2      | Noticed Terence
   688 | D:1      | Killed Terence
   689 | D:1      | Reached XP level 3. HP: 10/27 MP: 3/3
   770 | D:1      | Reached skill level 5 in Ranged Weapons
   775 | D:1      | Reached XP level 4. HP: 8/33 MP: 4/4
  1019 | D:2      | Identified the +11 hand axe "Suqep" {flame, rF+}
  1600 | D:3      | Reached XP level 5. HP: 35/38 MP: 5/5
  1670 | D:3      | Reached skill level 6 in Ranged Weapons
  1685 | D:3      | Identified the +4 chain mail of the Marlin {rPois rC-
                  | Str+3}
  2133 | D:3      | Reached XP level 6. HP: 23/44 MP: 6/6
  2708 | D:4      | Found a broken altar of Ashenzari.
  2770 | D:4      | Reached skill level 7 in Ranged Weapons
  2889 | D:4      | Noticed a black bear
  2898 | D:4      | Killed a black bear
  2899 | D:4      | Reached XP level 7. HP: 50/50 MP: 7/7
  3202 | D:5      | Entered Level 5 of the Dungeon
  3265 | D:5      | Noticed Blork the orc
  3272 | D:5      | Killed Blork the orc
  3334 | D:5      | Reached skill level 8 in Ranged Weapons
  3659 | D:5      | Noticed Pikel
  3915 | D:4      | Slain by a lemure

Illustrated notes

Levels and vault maps discovered:
D:1:      amcnicky_arrival_flooded_fountain, layout_loops_cross
D:2:      layout_loops_ring, chequers_serial_rivers_small_b,
          hangedman_decor_points, uniq_terence
D:3:      layout_basic
D:4:      layout_gridville, lemuel_tele_altar, minmay_fractal_squares_gapless_5
D:5:      layout_basic, kennysheep_crisscross, serial_bayou_lake_a, uniq_pikel,
          uniq_blork_the_orc

Skill      XL: |  1  2  3  4  5  6  7 |
---------------+----------------------+-----
Ranged Weapons | 4 5 6 7 8 |  8.5
Fighting       | |  2.0
Dodging        | |  1.7
Stealth        | |  0.7

Action                     |  1- 3 |  4- 6 |  7- 9 || total
---------------------------+-------+-------+-------++-------
   Fire: Sling             |    86 |   318 |   148 ||   552
 Armour: Leather armour    |    23 |    34 |    39 ||    96
  Dodge: Dodged            |     9 |    34 |    19 ||    62

Table legend: (Time is in decaauts)
 A = Elapsed time spent in this place.
 B = Non-inter-level travel time spent in this place.
 C = Inter-level travel time spent in this place.
 D = Time resting spent in this place.
 E = Time spent auto-exploring this place.
 F = Levels seen in this place.
 G = Mean time per level.
                   A        B        C        D        E       F      G
               +--------+--------+--------+--------+--------+-----+--------+
         Total |   3957 |   3854 |    103 |    169 |   3110 |   5 |  791.4 |
       Dungeon |   3957 |   3854 |    103 |    169 |   3110 |   5 |  791.4 |
               +--------+--------+--------+--------+--------+-----+--------+

Top non-repeatable levels by time:
     D:4: 930 daAuts
     D:1: 879 daAuts
     D:3: 870 daAuts
     D:2: 675 daAuts
     D:5: 602 daAuts
